General information
- name: BNet
- type: Ladder 1vs1/FFA
- host: Battle.net
- saver: VELOX_NEB
map: PhantomGrove
- players: 2
- length: 27:09
- speed: Fast
- version: 1.21 W3XP
- replay type: Public
» download(101 KB)
Players
team 1 (winner)
zq007 (
green | 138 APM | 3738 actions | 27:09)
7 Blademaster
3 Wind Walk
3 Critical Strike
1 Bladestorm
4 Tauren Chieftain
2 War Stomp
2 Endurance Aura
» actions
| Assign group hotkey | 72 | |
| Basic commands | 103 | |
| Build / train | 95 | |
| Enter build submenu | 20 | |
| Enter hero's abilities submenu | 10 | |
| Give item / drop item | 8 | |
| Remove unit from queue | 2 | |
| Right click | 1643 | |
| Select / deselect | 450 | |
| Select group hotkey | 1153 | |
| Use ability | 182 | |
3738 total
» units
| Peon | 12 | |
| Grunt | 5 | |
| Spirit Walker | 4 | |
| Troll Witch Doctor | 3 | |
| Tauren | 9 | |
33 total
» upgrades
| Berserker Strength | 1 | |
| Spirit Walker Training | 2 | |
| Reinforced Defenses | 1 | |
| Pulverize | 1 | |
| Melee Weapons | 1 | |
| Witch Doctor Training | 1 | |
7 total
» buildings
| Altar of Storms | 1 | |
| Orc Burrow | 6 | |
| Barracks | 1 | |
| Voodoo Lounge | 1 | |
| Stronghold | 4 | |
| War Mill | 1 | |
| Fortress | 1 | |
| Spirit Lodge | 1 | |
| Tauren Totem | 2 | |
| Watch Tower | 3 | |
| Great Hall | 1 | |
22 total
» build order
00:09 Altar of Storms
00:16 Orc Burrow
00:52 Barracks
01:37 Orc Burrow
01:50 Voodoo Lounge
03:13 Stronghold
03:13 Stronghold
03:55 Orc Burrow
04:21 War Mill
06:28 Fortress
06:48 Spirit Lodge
07:29 Orc Burrow
08:07 Orc Burrow
09:34 Tauren Totem
10:03 Watch Tower
11:51 Tauren Totem
18:27 Great Hall
19:04 Orc Burrow
23:26 Watch Tower
23:29 Watch Tower
» items
| Healing Salve | 9 | |
| Scroll of Speed | 2 | |
| Potion of Healing | 3 | |
| Orb of Lightning | 3 | |
| Scroll of Town Portal | 4 | |
| Lesser Clarity Potion | 1 | |
22 total
team 2 (loser)
VELOX_NEB (
teal | 90 APM | 2440 actions | 27:09)
5 Far Seer
3 Feral Spirit
2 Chain Lighting
5 Tauren Chieftain
3 War Stomp
2 Endurance Aura
4 Shadow Hunter
2 Hex
2 Healing Wave
» actions
| Assign group hotkey | 69 | |
| Basic commands | 111 | |
| Build / train | 102 | |
| Enter build submenu | 21 | |
| Enter hero's abilities submenu | 14 | |
| Give item / drop item | 6 | |
| Remove unit from queue | 1 | |
| Right click | 1124 | |
| Select / deselect | 476 | |
| Select group hotkey | 366 | |
| Use ability | 150 | |
2440 total
» units
| Peon | 14 | |
| Grunt | 18 | |
| Troll Witch Doctor | 3 | |
| Shaman | 5 | |
| Demolisher | 1 | |
| Wind Rider | 6 | |
47 total
» upgrades
| Spiked Barricades | 1 | |
| Berserker Strength | 1 | |
| Shaman Training | 2 | |
| Armor | 3 | |
| Melee Weapons | 3 | |
| Ranged Weapons | 1 | |
11 total
» buildings
| Altar of Storms | 1 | |
| Orc Burrow | 6 | |
| Barracks | 1 | |
| Voodoo Lounge | 1 | |
| War Mill | 2 | |
| Stronghold | 1 | |
| Watch Tower | 1 | |
| Spirit Lodge | 1 | |
| Great Hall | 4 | |
| Fortress | 1 | |
| Beastiary | 1 | |
20 total
» build order
00:08 Altar of Storms
00:22 Orc Burrow
00:37 Barracks
01:37 Orc Burrow
01:54 Voodoo Lounge
02:38 War Mill
03:40 Stronghold
04:08 Watch Tower
04:46 Orc Burrow
06:09 Spirit Lodge
08:02 Orc Burrow
08:16 Great Hall
11:31 Fortress
11:36 Orc Burrow
14:27 Beastiary
15:09 Orc Burrow
17:43 War Mill
22:09 Great Hall
24:16 Great Hall
24:22 Great Hall
» items
| Scroll of Speed | 3 | |
| Healing Salve | 6 | |
| Potion of Healing | 5 | |
| Lesser Clarity Potion | 4 | |
| Scroll of Town Portal | 2 | |
| Potion of Mana | 3 | |
| Orb of Lightning | 1 | |
24 total
Chat log
(00:14 / All) VELOX_NEB: hey buddy
(00:15 / All) VELOX_NEB: gl hf
(27:09 / All) VELOX_NEB: dischacker